 Dungeon Crawl Stone Soup version 0.16.1-11-g651b585 (webtiles) character file.

3388 wojtek the Slicer (level 10, -1/61 HPs)
             Began as a Kobold Assassin on Apr 3, 2015.
             Was an Elder of Okawaru.
             Slain by a killer bee (4 damage)
             ... on level 8 of the Dungeon.
             The game lasted 00:17:28 (9792 turns).

wojtek the Slicer (Kobold Assassin)                 Turns: 9792, Time: 00:17:29

Health: -1/61      AC: 19    Str: 10    XL:     10   Next: 24%
Magic:  21/21      EV: 14    Int: 12    God:    Okawaru [****..]
Gold:   483        SH:  0    Dex: 20    Spells: 0 memorised, 9 levels left

rFire  . . .     SeeInvis .     A - +1 dagger (protect)
rCold  . . .     Clarity  .     E - +0 pearl dragon armour
rNeg   + . .     SustAb   .     (no shield)
rPois  .         Gourm    .     j - +0 helmet
rElec  .         Spirit   .     d - +0 cloak
rCorr  .         Warding  .     (no gloves)
rMut   .         Stasis   .     (no boots)
MR     .....                    (no amulet)
Stlth  ++........               (no ring)
                                z - +2 ring of dexterity

@: lethally poisoned (-1 -> -6), not resistant to hostile enchantments,
unstealthy
A: carnivore 3
a: Heroism, Renounce Religion


You were on level 8 of the Dungeon.
You worshipped Okawaru.
Okawaru was greatly pleased with you.
You were very full.

You visited 1 branch of the dungeon, and saw 8 of its levels.

You collected 483 gold pieces.

Inventory:

Hand weapons
 a - a +2 dagger
 b - a +0 blowgun
 y - a +1 hunting sling of flaming
 A - a +1 dagger of protection (weapon)
Missiles
 f - 2 curare-tipped needles {=f}
Armour
 d - a +0 cloak (worn)
 j - a +0 helmet (worn)
 n - a +2 robe of resistance
 E - a +0 pearl dragon armour (worn)
Jewellery
 z - a +2 ring of dexterity (left hand)
 I - an uncursed ring of protection from magic {unknown}
Magical devices
 s - a wand of frost (18)
 C - a wand of lightning (8)
 K - a wand of cold (6)
 L - a wand of cold (7)
 M - a wand of lightning (1)
 N - a wand of confusion (28)
 R - a wand of frost (31)
Scrolls
 c - 4 scrolls of identify
 h - a scroll of remove curse
 l - a scroll of random uselessness {unknown}
 p - 2 scrolls of noise {unknown}
 r - a scroll of enchant weapon {unknown}
 w - 2 scrolls of magic mapping {unknown}
 x - 2 scrolls of recharging {unknown}
 D - a scroll of blinking {unknown}
 H - a scroll of immolation {unknown}
 P - a scroll of teleportation {unknown}
 S - a scroll of amnesia {unknown}
Potions
 e - a potion of agility {unknown}
 i - a potion of cancellation {unknown}
 k - 3 potions of brilliance
 m - 5 potions of heal wounds {unknown}
 o - a potion of decay {unknown}
 t - 2 potions of poison {unknown}
 u - 2 potions of lignification {unknown}
 v - 3 potions of curing {unknown}
 G - a potion of magic {unknown}
 J - 2 potions of restore abilities {unknown}
Comestibles
 g - 6 meat rations
 q - 9 beef jerkies
 F - 5 slices of pizza


   Skills:
 - Level 6.6 Fighting
 - Level 8.8 Short Blades
 - Level 2.6 Throwing
 + Level 4.1 Armour
 - Level 7.0 Dodging
 - Level 5.3 Stealth
 + Level 8.2 Invocations


You had 9 spell levels left.
You didn't know any spells.

Dungeon Overview and Level Annotations

Branches:
Dungeon (8/15)             Temple (0/1) D:6
   Lair: D:8-11

Altars:
Cheibriados
Dithmenos
Fedhas
Kikubaaqudgha
Okawaru
Vehumet
Zin
The Shining One

Shops:
D:5 (


Innate Abilities, Weirdness & Mutations

You are small and have problems with some larger weapons.
You are carnivorous and can eat meat at any time.


Message History

The killer bee stings you but does no damage.
You closely miss the killer bee.
The killer bee is severely wounded.
The killer bee misses you.
You hit the killer bee but do no damage.
The killer bee is severely wounded.
You feel sick.
The killer bee stings you but does no damage. x2
You hit the killer bee but do no damage.
The killer bee is severely wounded.
The killer bee stings you.
* * * LOW HITPOINT WARNING * * *
You hit the killer bee.
The killer bee is almost dead.
* * * LOW HITPOINT WARNING * * *
You feel sick. The killer bee misses you.
You miss the killer bee.
The killer bee is severely wounded.
The killer bee stings you.
You die...

...#####y...<..###.....<.#
.........................#
.....###.)#########......#
.. ##(...# ########
#†[##.# ..y......###.###
### #y..#..## #.†.##......
## #(.....###y....$.%.
#.## #...@##....... ((
####......... ..
#####..... . ... .


You could see a killer bee.

Vanquished Creatures
  Grinder (D:3)
  Menkaure (D:5)
  A black bear (D:6)
  2 sky beasts
  2 ice beasts (D:8)
  A necrophage (D:7)
  2 phantoms
  2 centaurs
  4 ogres
  5 giant frogs
  5 wights (D:6)
  3 killer bees (D:8)
  3 crimson imps
  2 giant frog zombies (D:7)
  6 hounds
  A jelly (D:7)
  A centaur zombie (D:8)
  An iguana (D:6)
  2 orc priests
  5 orc wizards
  8 worker ants
  Jessica (D:3)
  A hound skeleton (D:8)
  Robin (D:2)
  A gnoll (D:1)
  3 adders
  2 shadow imps
  A giant mite (D:7)
  5 worms
  2 adder skeletons
  An adder zombie (D:8)
  4 oozes
  26 orcs
  3 bat skeletons
  A bat zombie (D:7)
  3 giant cockroaches
  30 goblins
  15 hobgoblins
  6 jackals
  2 quokkas
  A ball python (D:1)
  17 bats
  6 giant geckos
  A giant gecko skeleton (D:6)
  7 giant newts
  18 kobolds
  19 rats
235 creatures vanquished.

Vanquished Creatures (others)
  A goblin (D:2)
1 creature vanquished.

Grand Total: 236 creatures vanquished

Notes
Turn   | Place    | Note
--------------------------------------------------------------
     0 | D:1      | wojtek, the Kobold Assassin, began the quest for the Orb.
     0 | D:1      | Reached XP level 1. HP: 12/12 MP: 1/1
   136 | D:1      | Found an iron altar of Okawaru.
   143 | D:1      | Reached XP level 2. HP: 15/17 MP: 2/2
   402 | D:1      | Reached XP level 3. HP: 19/21 MP: 3/3
   791 | D:1      | Became a worshipper of Warmaster Okawaru
   835 | D:2      | Found a radiant altar of Vehumet.
   845 | D:2      | Reached skill level 5 in Short Blades
   908 | D:2      | Reached XP level 4. HP: 16/26 MP: 4/4
  1344 | D:2      | Found a glowing golden altar of the Shining One.
  1735 | D:3      | Noticed Jessica
  2023 | D:3      | Killed Jessica
  2023 | D:3      | Reached skill level 6 in Short Blades
  2094 | D:3      | Noticed Robin
  2114 | D:3      | Reached XP level 5. HP: 21/30 MP: 5/5
  2327 | D:2      | Killed Robin
  2611 | D:3      | Noticed Grinder
  2620 | D:3      | Killed Grinder
  2620 | D:3      | Acquired Okawaru's first power
  2620 | D:3      | Reached skill level 8 in Short Blades
  2620 | D:3      | Reached XP level 6. HP: 35/35 MP: 6/6
  2763 | D:3      | Reached XP level 7. HP: 40/40 MP: 7/7
  2821 | D:3      | Reached skill level 1 in Invocations
  2936 | D:3      | Noticed an ogre
  3045 | D:3      | Killed an ogre
  3190 | D:3      | Found a blossoming altar of Fedhas.
  3211 | D:3      | Found a glowing silver altar of Zin.
  3214 | D:3      | Found a snail-covered altar of Cheibriados.
  3217 | D:3      | Found a shadowy altar of Dithmenos.
  4067 | D:4      | Reached XP level 8. HP: 38/48 MP: 9/11
  4344 | D:4      | Found an ancient bone altar of Kikubaaqudgha.
  4681 | D:5      | Entered Level 5 of the Dungeon
  5273 | D:5      | Noticed Menkaure
  5276 | D:5      | Killed Menkaure
  5344 | D:5      | Found Iruatoq's Weapon Boutique.
  5357 | D:5      | Reached skill level 5 in Dodging
  5562 | D:6      | Reached skill level 5 in Fighting
  5853 | D:6      | Reached XP level 9. HP: 45/54 MP: 14/16
  5879 | D:6      | Found a staircase to the Ecumenical Temple.
  6006 | D:6      | Reached skill level 5 in Invocations
  8015 | D:7      | Reached skill level 1 in Armour
  8838 | D:7      | Reached XP level 10. HP: 58/61 MP: 19/21
  9791 | D:8      | HP: 3/61 [poisoned by a killer bee]
  9792 | D:8      | Slain by a killer bee

Action                   |  1- 3 |  4- 6 |  7- 9 | 10-12 || total
-------------------------+-------+-------+-------+-------++-------
Melee: Dagger            |    75 |   150 |  1059 |   377 ||  1661
 Fire: Blowgun           |     6 |    14 |    21 |     5 ||    46
Throw: Throwing net      |       |       |     1 |     3 ||     4
  Use: Scroll            |       |       |     2 |       ||     2
 Stab: Sleeping          |     8 |     7 |    26 |       ||    41
       Distracted        |       |       |     1 |       ||     1
  Eat: Chunk             |     8 |     6 |    17 |     6 ||    37
